 Dungeon Crawl Stone Soup version 0.30.0-16-gbe6223bb7e (webtiles) character file.

Game seed: 9273665960282589128

85949 Smithgift the Warrior (level 15, -12/150 HPs)
             Began as a Minotaur Berserker on May 19, 2023.
             Was a High Priest of Trog.
             Blown up by an orb spider (57 damage)
             ... with an orb of destruction
             ... on level 1 of the Spider Nest on May 21, 2023.
             The game lasted 01:02:11 (18686 turns).

Smithgift the Warrior (Minotaur Berserker)         Turns: 18686, Time: 01:02:11

Health: -12/150    AC: 12    Str: 35    XL:     15   Next: 39%
Magic:  14/14      EV: 21    Int:  4    God:    Trog [*****.]
Gold:   700        SH:  0    Dex: 10    Spells: 14/14 levels left

rFire   . . .        t - +3 great mace (venom)
rCold   . . .        (shield currently unavailable)
rNeg    . . .        X - +2 troll leather armour of Going Fast {Regen+ rCorr Slay+3 Stlth+}
rPois   .            (helmet restricted)
rElec   .            (no cloak)
rCorr   +            Z - +0 pair of gloves {hurl}
SInv    .            A - +1 pair of boots of Zage {Stlth+}
Will    +....        k - amulet of regeneration
Stlth   +++          I - +5 ring of evasion
HPRegen 2.05/turn    K - +6 ring of strength
MPRegen 0.14/turn

%: no passive effects
@: no status effects
A: horns 2, retaliatory headbutt
a: Renounce Religion, Berserk, Trog's Hand, Brothers in Arms


You were on level 1 of the Spider Nest.
You worshipped Trog.
Trog was extremely pleased with you.
You visited 5 branches of the dungeon, and saw 21 of its levels.

You collected 2249 gold pieces.
You spent 1549 gold pieces at shops.

Inventory:

Hand Weapons
 a - a +0 falchion
 b - a +5 morningstar
 q - a +0 rapier
 t - a +3 great mace of venom (weapon)
 C - a +0 great sword
 L - a +3 dire flail
Missiles
 c - 66 poisoned darts (quivered)
 j - 17 javelins
 F - 11 boomerangs
 Q - 8 curare-tipped darts
 T - a silver boomerang
 W - a throwing net
Armour
 m - a +1 pair of gloves
 n - a +0 chain mail
 s - a +5 ring mail
 u - a +0 pair of boots
 A - the +1 pair of boots of Zage (worn) {Stlth+}
   (You found it on level 3 of the Lair of Beasts)

   Stlth:     It makes you more stealthy.
 X - the +2 troll leather armour of Going Fast (worn) {Regen+ rCorr Slay+3 Stlth+}
   (You bought it in a shop on level 2 of the Orcish Mines)

   Slay:      It affects your accuracy & damage with ranged weapons and melee
   (+3).
   Regen:     It increases your rate of health regeneration.
   rCorr:     It protects you from acid and corrosion.
   Stlth:     It makes you more stealthy.
 Y - a +0 pair of gloves of infusion
 Z - a +0 pair of gloves of hurling (worn)
Jewellery
 k - an amulet of regeneration (around neck)
 x - the ring "Guosh" {+Blink Fly Int+2}
   (You bought it in a shop on level 2 of the Orcish Mines)

   [ring of flight]

   Int:       It affects your intelligence (+2).
   Fly:       It grants you flight.
   +Blink:    It lets you blink.
 I - a +5 ring of evasion (left hand)
 K - a +6 ring of strength (right hand)
 N - a +4 ring of protection
 O - an amulet of guardian spirit
 U - a +5 ring of evasion
 V - an amulet of reflection
Wands
 e - a wand of iceblast (4)
 D - a wand of paralysis (44)
 G - a wand of acid (11)
 P - a wand of flame (54)
Scrolls
 d - 6 scrolls of teleportation
 f - 5 scrolls of magic mapping
 p - a scroll of summoning
 v - 4 scrolls of immolation
 w - 2 scrolls of vulnerability
 y - 2 scrolls of amnesia
 B - 3 scrolls of identify
 E - 3 scrolls of fog
 H - 4 scrolls of fear
 S - a scroll of poison
Potions
 g - 5 potions of heal wounds
 h - 5 potions of might
 i - 3 potions of lignification
 l - 5 potions of mutation
 o - 4 potions of haste
 r - 8 potions of curing
 z - 2 potions of cancellation
 J - 2 potions of attraction
 M - 4 potions of berserk rage
 R - a potion of ambrosia


   Skills:
 * Level 18.7 Fighting
 - Level 4.7 Long Blades
 + Level 13.3 Maces & Flails
 - Level 4.2 Throwing
 + Level 14.0 Armour
 + Level 13.0 Dodging
 + Level 12.3 Unarmed Combat


You had 14 spell levels left.
You didn't know any spells.
Your spell library was empty.

Dungeon Overview and Level Annotations

Branches:
Dungeon (11/15)            Temple (1/1) D:5            Lair (5/5) D:10
  Swamp (0/4) Lair:3       Spider (2/4) Lair:2        Slime (0/5) Lair:4
    Orc (2/2) D:11            Elf (0/3) Orc:2

Altars:
Cheibriados
Gozag
Hepliaklqana
Makhleb
Okawaru
Qazlal
Wu Jian
Yredelemnul
Zin
Jiyva

Shops:
D:10 *   Orc:2 =[[*

Annotations:
D:8 2 transporters, exclusion: downstairs
Lair:4 exclusion: oklob plant


Innate Abilities, Weirdness & Mutations

You have a pair of horns on your head.
You reflexively headbutt those who attack you in melee.


Message History

You feel much better.
You feel very sick.
Aiming: Corrosive Bolt
Press: ? - help, Shift-Dir - straight line, f/p - orb spider
Aim: an orb spider (fully charged, 71% to hit)
The bolt of acid hits the orb spider!
The acid corrodes the orb spider!
The orb spider is lightly wounded.
You feel sick.
The orb spider weaves a glowing orb of energy.
An orb of destruction comes into view.
You feel sick.
You feel sick.
The orb spider begins to weave its threads into a brightly glowing ball.
You feel sick.
You feel sick.
The orb spider weaves a glowing orb of energy.
An orb of destruction comes into view.
You feel sick.
You feel sick.
The orb spider begins to weave its threads into a brightly glowing ball.
The orb of destruction hits you!!!
* * * LOW HITPOINT WARNING * * *
Your deep troll goes berserk!
You feel sick.
You are no longer poisoned.
The orb of destruction hits a rock wall.
You feel much better.
The orb spider weaves a glowing orb of energy.
An orb of destruction comes into view.
Throw: 67 darts (poison)
Press: ? - help, Q - select action, (/) - cycle Shift-Dir - straight line, f/p - orb spider
Aim: an orb spider (lightly wounded, covered in acid, ally target, 73% to hit)
You throw a poisoned dart.
The poisoned dart closely misses the orb spider.
Your deep troll bites the orb spider!!
Your deep troll claws the orb spider!
The orb spider dies!
Trog accepts your kill.
Your Dodging skill increases to level 13!
The orb of destruction hits you!!!
You die...

.......<.....# #..........
.............###°...^.....
.............(#.^.........
#..?.........†.........^..
##...........○..........(.
#............○...........
#####...."....○T.........
#.###......☼......... ..
####...@........ #
#######..... ###.. #


You could see a friendly deep troll (summoned, berserk).

Vanquished Creatures
  A broodmother (Spider:2)
  A dire elephant (Lair:3)
  Snorg (D:11)
  A fire dragon (Lair:5)
  2 entropy weavers
  Erolcha (D:11)
  Fannar (D:11)
  2 hydras (Lair:5)
  4 boulder beetles
  A centaur warrior (D:10)
  4 two-headed ogres
  5 death yaks
  Urug (Lair:1)
  An orc high priest (Orc:2)
  Sonja (D:11)
  Amaemon (D:11)
  2 pharaoh ants
  An orb spider (Spider:2)
  2 bog bodies (Lair:3)
  An orc knight (Orc:2)
  A deep elf pyromancer (D:10)
  3 orc sorcerers (Orc:2)
  A swamp dragon (Lair:5)
  2 wolf spiders
  An ugly thing (D:10)
  2 cyclopes
  A manticore (D:11)
  2 moths of wrath (Spider:2)
  17 elephants
  A guardian serpent (Lair:5)
  Maurice (D:11)
  5 slime creatures (D:10)
  5 black mambas (Lair:5)
  An orange demon (D:11)
  Joseph (D:7)
  A demonic crawler (Spider:2)
  2 torpor snails
  2 gargoyles (D:11)
  17 cane toads
  5 rime drakes
  A kobold demonologist (D:10)
  10 komodo dragons
  A polar bear (Lair:1)
  3 meliai (Spider:2)
  5 trolls
  3 hornets
  4 tarantellas
  3 dream sheep (Lair:5)
  8 blink frogs
  3 culicivoras (Spider:2)
  13 jumping spiders
  A shadow (D:11)
  11 wyverns
  A spriggan (Lair:3)
  55 yaks
  4 basilisks
  2 wraiths (D:10)
  3 steam dragons (Lair:5)
  7 redbacks
  4 vampire mosquitoes (D:11)
  A warg (Orc:2)
  5 acid dragons
  27 water moccasins
  2 sky beasts (D:8)
  24 orc warriors
  An ice beast (D:7)
  6 black bears
  A swamp drake (Lair:5)
  15 wolves
  9 ogres
  A centaur (D:9)
  3 phantoms
  7 kobold brigands
  Blork the orc (D:6)
  10 bullfrogs
  A gnoll sergeant (D:11)
  3 scorpions
  10 wights
  15 killer bees
  An electric eel (D:10)
  10 howler monkeys
  2 hounds
  Crazy Yiuf (D:6)
  12 orc priests
  A jelly (D:7)
  A gnoll bouda (D:5)
  7 iguanas
  6 hell rats (Lair:4)
  22 orc wizards
  10 gnolls
  9 adders
  A shadow imp (D:6)
  2 white imps
  A worm (D:2)
  3 dart slugs
  57 orcs
  4 bats
  2 endoplasms (D:1)
  4 giant cockroaches
  7 goblins
  9 hobgoblins
  3 jackals (D:2)
  8 quokkas
  2 training dummies (D:5)
  11 ball pythons
  A frilled lizard (D:2)
  27 kobolds
  7 rats
620 creatures vanquished.

Vanquished Creatures (collateral kills)
  Rupert (Orc:2)
  2 death yaks (Lair:5)
  2 orc high priests (Orc:2)
  An orb spider (Spider:1)
  3 orc knights (Orc:2)
  An orc sorcerer (Orc:2)
  3 dream sheep (Lair:5)
  3 yaks (Lair:5)
  A water moccasin (Lair:5)
  5 orc warriors (Orc:2)
  2 orc priests (Orc:2)
  2 orc wizards (Orc:2)
26 creatures vanquished.

Vanquished Creatures (others)
  An orc priest (Orc:2)
1 creature vanquished.

Grand Total: 647 creatures vanquished

Notes
Turn   | Place    | Note
-------+----------+-------------------------------------------
     0 | D:1      | Smithgift the Minotaur Berserker began the quest for the
                  | Orb.
     0 | D:1      | Reached XP level 1. HP: 19/19 MP: 0/0
   161 | D:1      | Upgraded the game from 0.30.0-15-g856e2d3f33 to
                  | 0.30.0-16-gbe6223bb7e
   216 | D:1      | Reached XP level 2. HP: 25/27 MP: 1/1
   522 | D:1      | Reached skill level 4 in Fighting
   587 | D:1      | Reached XP level 3. HP: 33/33 MP: 2/2
  1111 | D:2      | Reached ** piety under Trog
  1198 | D:2      | Found an iron altar of Okawaru.
  1463 | D:2      | Reached XP level 4. HP: 40/40 MP: 3/3
  1711 | D:3      | Reached skill level 1 in Throwing
  1928 | D:3      | Reached XP level 5. HP: 47/47 MP: 4/4
  2476 | D:3      | Reached skill level 1 in Maces & Flails
  2476 | D:3      | Reached XP level 6. HP: 55/55 MP: 5/5
  2760 | D:4      | Reached skill level 5 in Fighting
  2760 | D:4      | Reached skill level 1 in Unarmed Combat
  2816 | D:4      | Identified the +0 leather armour of the Playwright {Dex+2
                  | SInv}
  2826 | D:4      | Reached *** piety under Trog
  3294 | D:4      | Reached XP level 7. HP: 61/61 MP: 6/6
  3386 | D:5      | Entered Level 5 of the Dungeon
  3556 | D:5      | Found a staircase to the Ecumenical Temple.
  3718 | D:5      | Reached skill level 5 in Armour
  3803 | D:5      | Reached XP level 8. HP: 62/70 MP: 7/7
  3916 | D:5      | Reached skill level 6 in Fighting
  4001 | D:5      | Found a stormy altar of Qazlal.
  4127 | Temple   | Entered the Ecumenical Temple
  4603 | D:6      | Reached skill level 5 in Dodging
  4727 | D:6      | Noticed Blork the orc
  4741 | D:6      | Killed Blork the orc
  4830 | D:6      | Reached **** piety under Trog
  5035 | D:6      | Found a runed translucent door.
  5036 | D:6      | Noticed Crazy Yiuf
  5041 | D:6      | Killed Crazy Yiuf
  5335 | D:7      | Noticed Joseph
  5361 | D:7      | Killed Joseph
  5362 | D:7      | Reached skill level 7 in Fighting
  5362 | D:7      | Reached skill level 5 in Maces & Flails
  5362 | D:7      | Reached XP level 9. HP: 28/79 MP: 8/8
  5748 | D:7      | Reached skill level 8 in Fighting
  5780 | D:7      | Reached skill level 5 in Unarmed Combat
  5834 | D:7      | Found an ornate altar of the Wu Jian Council.
  6487 | D:8      | Found a transporter.
  6491 | D:8      | Noticed a kobold demonologist
  6491 | D:8      | Noticed a kobold demonologist
  6571 | D:8      | Reached skill level 9 in Fighting
  6582 | D:8      | Reached XP level 10. HP: 56/91 MP: 4/9
  6836 | D:8      | Found a transporter.
  6962 | D:8      | Found a glowing silver altar of Zin.
  6962 | D:8      | Found a faded altar of an unknown god.
  6967 | D:8      | Found a snail-covered altar of Cheibriados.
  6969 | D:8      | Found an iron altar of Okawaru.
  6971 | D:8      | Found a faded altar of an unknown god.
  7469 | D:9      | Reached skill level 10 in Fighting
  7714 | D:9      | Noticed a boulder beetle
  7720 | D:9      | Killed a boulder beetle
  7722 | D:9      | Reached ***** piety under Trog
  7928 | D:10     | Entered Level 10 of the Dungeon
  7950 | D:10     | Found Gozag's Platinum Reserve.
  7956 | D:10     | Noticed a boulder beetle
  7976 | D:10     | Killed a boulder beetle
  7977 | D:10     | Reached skill level 11 in Fighting
  8205 | D:10     | Received a gift from Trog
  8244 | D:10     | Reached XP level 11. HP: 71/102 MP: 4/10
  8264 | D:10     | HP: 3/102 [slime creature (10)]
  8529 | D:10     | Found an opulent altar of Gozag.
  8625 | D:10     | Found a staircase to the Lair.
  8630 | D:10     | Identified the +1 robe "Rilo" {Slay+3}
  8684 | D:10     | Found a basalt altar of Yredelemnul.
  8926 | D:10     | Noticed a red ugly thing
  8946 | D:10     | Killed a red ugly thing
  9004 | D:10     | Noticed a two-headed ogre
  9011 | D:10     | Killed a two-headed ogre
  9012 | D:10     | Reached skill level 12 in Fighting
  9077 | D:10     | Noticed a centaur warrior
  9077 | D:10     | Noticed a deep elf pyromancer
  9082 | D:10     | Killed a centaur warrior
  9086 | D:10     | Killed a deep elf pyromancer
  9095 | D:10     | Identified the +1 chain mail of the Lobster {rC++ Int+6
                  | Dex-3}
  9152 | D:10     | Noticed a two-headed ogre
  9161 | D:10     | Killed a two-headed ogre
  9207 | D:10     | Noticed a two-headed ogre
  9213 | D:10     | Killed a two-headed ogre
  9368 | Lair:1   | Entered Level 1 of the Lair of Beasts
  9377 | Lair:1   | Reached skill level 10 in Armour
  9435 | Lair:1   | Reached skill level 13 in Fighting
  9440 | Lair:1   | Reached XP level 12. HP: 115/115 MP: 11/11
  9482 | Lair:1   | Noticed a boulder beetle
  9491 | Lair:1   | Killed a boulder beetle
  9838 | Lair:1   | Noticed Urug
  9857 | Lair:1   | Killed Urug
 10453 | Lair:2   | Found a hole to the Spider Nest.
 10684 | Lair:2   | Reached skill level 14 in Fighting
 10684 | Lair:2   | Reached skill level 10 in Dodging
 10689 | Lair:2   | Reached skill level 10 in Maces & Flails
 11252 | Lair:3   | Noticed a death yak
 11252 | Lair:3   | Noticed a death yak
 11253 | Lair:3   | Noticed a death yak
 11351 | Lair:3   | Killed a death yak
 11353 | Lair:3   | Killed a death yak
 11353 | Lair:3   | Received a gift from Trog
 11356 | Lair:3   | Killed a death yak
 11416 | Lair:3   | Reached XP level 13. HP: 125/125 MP: 12/12
 11418 | Lair:3   | Identified the +1 pair of boots of Zage {Stlth+}
 11450 | Lair:3   | Found a staircase to the Swamp.
 11541 | Lair:3   | Reached skill level 15 in Fighting
 11670 | Lair:3   | Reached skill level 10 in Unarmed Combat
 11696 | Lair:3   | Noticed a dire elephant
 11707 | Lair:3   | Killed a dire elephant
 12567 | Lair:4   | Found a staircase to the Slime Pits.
 12567 | Lair:4   | Found a viscous altar of Jiyva.
 12742 | Lair:4   | Reached skill level 16 in Fighting
 13249 | Lair:5   | Entered Level 5 of the Lair of Beasts
 13433 | Lair:5   | Reached XP level 14. HP: 138/138 MP: 13/13
 14182 | Lair:5   | Reached skill level 17 in Fighting
 15175 | D:11     | Noticed Snorg
 15182 | D:11     | Noticed Maurice
 15185 | D:11     | Killed Snorg
 15220 | D:11     | Killed Maurice
 15307 | D:11     | Noticed Erolcha
 15329 | D:11     | Killed Erolcha
 15633 | D:11     | Noticed Fannar
 15655 | D:11     | Killed Fannar
 15795 | D:11     | Noticed Sonja
 15807 | D:11     | Killed Sonja
 15905 | D:11     | Noticed Amaemon
 15912 | D:11     | Killed Amaemon
 15912 | D:11     | Received a gift from Trog
 16044 | D:11     | Found a staircase to the Orcish Mines.
 16238 | Orc:1    | Entered Level 1 of the Orcish Mines
 16802 | Orc:2    | Entered Level 2 of the Orcish Mines
 17464 | Orc:2    | Found Kaezonnuy's Assorted Antiques.
 17473 | Orc:2    | Reached skill level 18 in Fighting
 17504 | Orc:2    | Reached XP level 15. HP: 113/149 MP: 14/14
 17542 | Orc:2    | Found Lusoiryu's Antique Armour Shop.
 17543 | Orc:2    | Found Bigejaocs's Jewellery Shoppe.
 17551 | Orc:2    | Found Uteygu Yfee's Antique Armour Shoppe.
 17582 | Orc:2    | Bought the ring "Guosh" {+Blink Fly Int+2} for 392 gold
                  | pieces
 17584 | Orc:2    | Bought a distressingly furry troll leather armour for 700
                  | gold pieces
 17584 | Orc:2    | Identified the +2 troll leather armour of Going Fast
                  | {Regen+ rCorr Slay+3 Stlth+} (You bought it in a shop on
                  | level 2 of the Orcish Mines)
 17671 | Orc:2    | Bought a pair of glowing gloves for 210 gold pieces
 17673 | Orc:2    | Bought a pair of glowing gloves for 247 gold pieces
 17771 | Orc:2    | Found a staircase to the Elven Halls.
 17774 | Orc:2    | Noticed Rupert
 17782 | Orc:2    | Killed Rupert
 18161 | Spider:1 | Entered Level 1 of the Spider Nest
 18161 | Spider:1 | You fall into a shaft and drop 1 floor!
 18686 | Spider:1 | Blown up by an orb spider

Illustrated notes

Levels and vault maps discovered:
D:1:      scummos_arrival_simple_crosswalls, layout_basic
D:2:      layout_loops_cross, basic_altar, minmay_misc_feat_five,
          minmay_hedge_maze, minmay_hexomino_f4
D:3:      layout_loops_ring, minmay_cupped
D:4:      layout_basic
D:5:      dreamdust_elfheim, layout_loops_ring, general_overflow_altar,
          temple_pool_b
D:6:      layout_loops_corners, minivault_1, uniq_blork_the_orc,
          uniq_crazy_yiuf_cottage
D:7:      layout_loops_cross, pdpol_wu_jian_five_deadly_venoms,
          serial_co_window_serial, co_window_paths_a, co_window_paths_b,
          co_window_of_opportunity_a, co_window_of_opportunity_a,
          co_window_paths_a, co_window_corner_a, co_window_cross_1,
          co_window_of_opportunity_c, co_window_corner_cb, co_window_cross_3,
          glass_columns_c, glass_columns_b, glass_columns_b, uniq_joseph
D:8:      gammafunk_wand_slinger, layout_basic,
          chequers_temple_overflow_minitemple
D:9:      layout_rooms
D:10:     layout_basic, mainiacjoe_overflow_concentric_impassable,
          nicolae_gozag_zags_fifth_avenue, nzn_random_ring
D:11:     layout_irregular_city, kennysheep_orc_monster_closet_entryway,
          uniq_erolcha, uniq_maurice, uniq_snorg, uniq_fannar, uniq_amaemon,
          uniq_sonja
Temple:   nicolae_temple_superstar
Lair:1:   layout_small_grid, infiniplex_staircase_pool_2, grunt_megastairs_3,
          uniq_urug
Lair:2:   layout_gridlike, spider_nest_entry_a, serial_bayou_shore_a,
          lemuel_fruit_tree
Lair:3:   mu_elephants_graveyard, layout_regular_city, skrybe_swamp_entry_bodies
Lair:4:   layout_roguey, slime_entry_1
Lair:5:   hangedman_lair_tendril_chambers, layout_regular_city,
          guppyfry_lair_end_dragon
Spider:1: layout_cave_pods, nicolae_spider_shape
Spider:2: nicolae_spider_hilbert_zone_4 [nicolae_spider_hilbert_4_sides_2_open,
          nicolae_spider_hilbert_4_sides_1_open,
          nicolae_spider_hilbert_4_sides_1_open,
          nicolae_spider_hilbert_4_sides_1_open,
          nicolae_spider_hilbert_4_sides_1_open,
          nicolae_spider_hilbert_2_sides_1_open,
          nicolae_spider_hilbert_2_sides_1_open,
          nicolae_spider_hilbert_2_sides_1_open,
          nicolae_spider_hilbert_2_sides_1_open,
          nicolae_spider_hilbert_6_sides_1_open,
          nicolae_spider_hilbert_6_sides_1_open,
          nicolae_spider_hilbert_3_sides_1_open,
          nicolae_spider_hilbert_3_sides_1_open], nicolae_spider_spiderdrome
Orc:1:    layout_caves
Orc:2:    st_orc_elflike, layout_diamond_mine, basic_altar, uniq_rupert

Skill      XL: |  1  2  3  4  5  6  7  8  9 10 11 12 13 14 15 |
---------------+----------------------------------------------+-----
Long Blades    | 4 |  4.7
Fighting       | 4 5 7 9 11 13 14 16 18 | 18.7
Armour         | 3 4 5 6 7 8 10 11 12 13 14 | 14.0
Dodging        | 3 4 6 7 8 9 10 11 12 13 | 13.0
Throwing       | 1 2 3 4 |  4.2
Maces & Flails | 1 2 3 5 6 7 9 10 11 12 13 | 13.3
Unarmed Combat | 2 3 4 5 7 8 9 10 11 12 | 12.3

Action                     |  1- 3 |  4- 6 |  7- 9 | 10-12 | 13-15 || total
---------------------------+-------+-------+-------+-------+-------++-------
  Melee: Falchion          |    95 |   177 |       |       |       ||   272
         Headbutt          |     9 |    27 |    34 |   101 |   179 ||   350
         Morningstar       |       |    18 |   106 |   258 |       ||   382
         Punch             |       |     3 |     2 |    12 |       ||    17
         Dire flail        |       |       |   100 |   171 |       ||   271
         Great mace        |       |       |       |     6 |   732 ||   738
  Throw: Dart              |     2 |     7 |     3 |    38 |    88 ||   138
 Invoke: Berserk           |       |     4 |     3 |    12 |     8 ||    27
         Brothers in Arms  |       |       |       |       |     7 ||     7
         Trog's Hand       |       |       |       |       |     3 ||     3
  Evoke: Wand              |       |       |       |       |     7 ||     7
    Use: Scroll            |       |       |       |    27 |    11 ||    38
         Potion            |       |       |       |     3 |     4 ||     7
   Stab: Sleeping          |       |       |       |       |     2 ||     2
 Armour: Animal skin       |     4 |       |       |       |       ||     4
         Scale mail        |    14 |       |       |       |       ||    14
         Chain mail        |     6 |    76 |       |       |       ||    82
         Ring mail         |       |    61 |    74 |   130 |   285 ||   550
         Troll leather arm |       |       |       |       |    29 ||    29
  Dodge: Dodged            |    54 |   100 |   136 |   406 |   974 ||  1670
